 Dungeon Crawl Stone Soup version 0.30-a0-883-g5ad918d77d (webtiles) character file.

Game seed: 16021548367137723177

345 Pimp the Trooper (level 6, -5/52 HPs)
             Began as a Formicid Fighter on Mar 15, 2023.
             Slain by a gnoll
             ... wielding a +2 whip of distortion
              (15 damage)
             ... on level 4 of the Dungeon.
             The game lasted 00:04:42 (2803 turns).

Pimp the Trooper (Formicid Fighter)                 Turns: 2803, Time: 00:04:44

Health: -5/52      AC:  9    Str: 22    XL:     6   Next: 89%
Magic:  6/6        EV:  7    Int: 10    God:
Gold:   197        SH:  5    Dex: 13    Spells: 5/5 levels left

rFire   . . .      SeeInvis +    a - +0 war axe
rCold   . . .      Faith    .    c - +0 buckler
rNeg    . . .      Spirit   .    i - +0 chain mail of Levity {Int+2 Slay+3}
rPois   .          Reflect  .    (helmet unavailable)
rElec   .          Rampage  .    (no cloak)
rCorr   .                        (no gloves)
Will    .....                    (no boots) Stlth
                                 (no amulet)
HPRegen 0.28/turn                (no ring)
MPRegen 0.10/turn                (no ring)

@: silenced
A: permanent stasis, dig shafts and tunnels, antennae 3, four strong arms
a: Dig, Shaft Self


You were on level 4 of the Dungeon.
You visited 1 branch of the dungeon, and saw 4 of its levels.

You collected 197 gold pieces.

Inventory:

Hand Weapons
 a - a +0 war axe (weapon)
Missiles
 j - 3 silver boomerangs
Armour
 b - a +0 scale mail
 c - a +0 buckler (worn)
 i - the +0 chain mail of Levity (worn) {Int+2 Slay+3}
   (You found it on level 2 of the Dungeon)

   Int:       It affects your intelligence (+2).
   Slay:      It affects your accuracy & damage with ranged weapons and melee
   (+3).
Jewellery
 s - a ring of protection from cold
Scrolls
 g - a scroll of fog
 h - 2 scrolls of magic mapping
 k - a scroll of summoning
 m - 3 scrolls of identify
 p - a scroll of immolation {unknown}
 r - a scroll of fear {unknown}
 u - a scroll of enchant armour {unknown}
 w - a scroll of enchant weapon {unknown}
Potions
 d - a potion of might
 e - a potion of cancellation {unknown}
 f - 2 potions of lignification {unknown}
 l - a potion of mutation {unknown}
 o - 4 potions of magic {unknown}
 q - a potion of brilliance {unknown}
 t - a potion of curing
 v - a potion of heal wounds {unknown}


   Skills:
 * Level 6.0 Fighting
 * Level 4.9 Axes
 - Level 3.3 Armour
 - Level 4.0 Shields


You had 5 spell levels left.
You didn't know any spells.
Your spell library contained the following spells:

 Spells                   Type           Power      Damage    Failure   Level
 Frozen Ramparts          Ice            0%         1d1       100%        3
 Ice Form                 Ice/Tmut       0%         N/A       100%        4
 Leda's Liquefaction      Hex/Erth       0%         N/A       100%        4
 Summon Ice Beast         Ice/Summ       0%         N/A       100%        4
 Lee's Rapid Deconstruct  Erth           0%         3d4*      100%        5
 Statue Form              Tmut/Erth      0%         N/A       100%        6


Dungeon Overview and Level Annotations

Branches:
Dungeon (4/15)
 Temple: D:4-7

Altars:
Qazlal


Innate Abilities, Weirdness & Mutations

You cannot be hasted, slowed, berserked, paralysed or teleported.
You can dig through walls and to a lower floor.
You have a pair of large antennae on your head. (SInv)
Your four strong arms can wield two-handed weapons with a shield.


Message History

A profound silence engulfs you.
It was a scroll of silence.
Your dart slug bites the gnoll.
Your kobold barely misses the gnoll.
The gnoll throws a throwing net.
The throwing net closely misses your kobold.
The throwing net hits the gnoll.
The gnoll is caught in the net!
Your dart slug launches a dart at the gnoll.
The slug dart hits the gnoll.
Your kobold hits the gnoll with a +0 club.
You slash the gnoll!
You kill the gnoll!
The gnoll throws a throwing net.
The throwing net hits your kobold.
Your kobold is caught in the net!
Your kobold struggles against the net.
The gnoll hits your kobold with a +2 whip of distortion!
Your kobold dies!
Your kobold's corpse dissolves into shadows!
Your dart slug bites the black bear.
The black bear bites your dart slug. The black bear claws your dart slug. x2
Things that are here:
a +0 whip; a throwing net You slash the black bear!
The black bear is heavily wounded.
You closely miss the gnoll.
Your dart slug launches a dart at the black bear.
The slug dart hits the black bear.
The black bear bites your dart slug.
Your dart slug dies!
Your dart slug's corpse dissolves into shadows!
The gnoll hits you but does no damage. Space warps around you.
You slash the black bear!
You kill the black bear!
You hit the gnoll. The gnoll hits you but does no damage.
Space warps horribly around you!!
Your Fighting skill increases to level 6!
You slash the gnoll!
You kill the gnoll!
You barely miss the gnoll.
The gnoll hits you with a +2 whip of distortion.
Space warps horribly around you!
* * * LOW HITPOINT WARNING * * *
The gnoll hits you but does no damage. Space warps horribly around you!
You die...

...# ###..# #..#
###....#
#..#####......#
....
#.............##
....
#..............#
.g.g$
..#####...>....#
..{.. .##
###......## .g.{h.
#
##....#S####......
##...##@g#.......
##..##.)......?.
######........<
#.........
##........
#........
##....... .....$.
.......


You could see a gnoll (ally target) and a friendly adder (summoned).

Vanquished Creatures
  A black bear (D:4)
  Jessica (D:2)
  Natasha (thrice) (D:3)
  Terence (D:2)
  Robin (D:2)
  3 adders (D:3)
  2 gnolls (D:4)
  2 dart slugs
  8 ball pythons
  10 endoplasms
  3 giant cockroaches
  11 goblins
  9 hobgoblins
  2 quokkas (D:3)
  7 bats
  A frilled lizard (D:1)
  3 kobolds
  4 rats
72 creatures vanquished.

Notes
Turn   | Place    | Note
-------+----------+-------------------------------------------
     0 | D:1      | Pimp the Formicid Fighter began the quest for the Orb.
     0 | D:1      | Reached XP level 1. HP: 18/18 MP: 1/1
    70 | D:1      | Reached XP level 2. HP: 7/24 MP: 2/2
   471 | D:1      | Reached XP level 3. HP: 30/30 MP: 3/3
   848 | D:1      | Found a faded altar of an unknown god.
   995 | D:1      | Reached skill level 4 in Fighting
  1209 | D:2      | Noticed Terence
  1215 | D:2      | Noticed Jessica
  1222 | D:2      | Killed Terence
  1223 | D:2      | Reached XP level 4. HP: 15/38 MP: 4/4
  1224 | D:2      | Killed Jessica
  1348 | D:2      | Identified the +0 chain mail of Levity {Int+2 Slay+3}
  1560 | D:2      | Noticed Robin
  1568 | D:2      | Reached XP level 5. HP: 25/43 MP: 5/5
  1577 | D:2      | Killed Robin
  1878 | D:3      | Noticed Natasha
  1888 | D:3      | Killed Natasha
  1889 | D:3      | Reached skill level 5 in Fighting
  2054 | D:3      | Noticed Natasha
  2099 | D:3      | Killed Natasha
  2194 | D:3      | Noticed Natasha
  2202 | D:3      | Killed Natasha
  2203 | D:3      | Reached XP level 6. HP: 47/51 MP: 6/6
  2326 | D:3      | Found a stormy altar of Qazlal.
  2791 | D:4      | Noticed a black bear
  2802 | D:4      | Killed a black bear
  2803 | D:4      | Reached skill level 6 in Fighting
  2803 | D:4      | Slain by a gnoll

Illustrated notes

Levels and vault maps discovered:
D:1:      amcnicky_arrival_gap_in_the_tavern_cellar, layout_basic,
          shapermc_ecumenical_altar_totnotflames
D:2:      layout_rooms, uniq_jessica, uniq_robin, uniq_terence
D:3:      layout_loops_ring, lemuel_tele_altar, uniq_natasha
D:4:      layout_cave_pods

Skill      XL: |  1  2  3  4  5  6 |
---------------+-------------------+-----
Fighting       | 4 5 6 |  6.0
Axes           | 3 4 |  4.9
Armour         | |  3.3
Shields        | |  4.0

Action                     |  1- 3 |  4- 6 || total
---------------------------+-------+-------++-------
  Melee: War axe           |    76 |    85 ||   161
    Use: Scroll            |     2 |     2 ||     4
 Armour: Scale mail        |    31 |       ||    31
         Chain mail        |       |    77 ||    77
  Dodge: Dodged            |    39 |    40 ||    79
  Block: Buckler           |    22 |    28 ||    50

Table legend: (Time is in decaauts)
 A = Elapsed time spent in this place.
 B = Non-inter-level travel time spent in this place.
 C = Inter-level travel time spent in this place.
 D = Time resting spent in this place.
 E = Time spent auto-exploring this place.
 F = Levels seen in this place.
 G = Mean time per level.
                   A        B        C        D        E       F      G
               +--------+--------+--------+--------+--------+-----+--------+
         Total |   2861 |   2740 |    121 |    310 |   1884 |   4 |  715.2 |
       Dungeon |   2861 |   2740 |    121 |    310 |   1884 |   4 |  715.2 |
               +--------+--------+--------+--------+--------+-----+--------+

Top non-repeatable levels by time:
     D:1: 1232 daAuts
     D:3: 773 daAuts
     D:2: 677 daAuts
     D:4: 178 daAuts
